 Dungeon Crawl Stone Soup version 0.29-a0-839-g4793fd635e (webtiles) character file.

Game seed: 12877283059656515252

2 Malachi the Gusty (level 1, -1/11 HPs)
             Began as an Octopode Air Elementalist on July 14, 2022.
             Slain by a quokka (4 damage)
             ... on level 1 of the Dungeon.
             The game lasted 00:00:25 (440 turns).

Malachi the Gusty (Octopode Air Elementalist)        Turns: 440, Time: 00:00:25

Health: -1/11      AC:  1    Str:  7    XL:     1   Next: 40%
Magic:  0/3        EV: 13    Int: 17    God:
Gold:   34         SH:  0    Dex: 12    Spells: 3/4 levels left

rFire   . . .      SeeInvis .   (no weapon)
rCold   . . .      Faith    .   (no shield)
rNeg    . . .      Spirit   .   (helmet restricted)
rPois   .          Reflect  .   (no amulet)
rElec   .          Harm     .   (no ring)
rCorr   .          Rampage  .   (no ring)
Will    .....                   (no ring)
Stlth   +++.......              (no ring)
HPRegen 0.03/turn               (no ring)
MPRegen 0.08/turn               (no ring)
                                (no ring)
                                (no ring)

@: no status effects
A: almost no armour, amphibious, 8 rings, camouflage 1, gelatinous body 1,
(nimble swimmer 1), tentacles
a: no special abilities


You were on level 1 of the Dungeon.
You visited 1 branch of the dungeon, and saw 1 of its levels.

You collected 34 gold pieces.

Inventory:

Scrolls
 b - a scroll of identify {unknown}
 e - a scroll of magic mapping {unknown}
 f - a scroll of torment {unknown}
 g - a scroll of brand weapon {unknown}
Potions
 a - a potion of magic
 c - a potion of flight {unknown}
 d - a potion of heal wounds {unknown}


   Skills:
 - Level 2.0 Dodging
 - Level 2.6 Stealth
 * Level 2.2 Spellcasting
 - Level 1.0 Conjurations
 - Level 3.0 Air Magic


You had 3 spell levels left.
You knew the following spells:

 Your Spells              Type           Power      Damage    Failure   Level
a - Shock                 Conj/Air       32%        1d5       9%          1

Your spell library contained the following spells:

 Spells                   Type           Power      Damage    Failure   Level
 Static Discharge         Conj/Air       8%         3-4/arc   13%         2
 Swiftness                Air            12%        N/A       17%         3
 Airstrike                Air            6%         0-3+      50%         4


Dungeon Overview and Level Annotations

Branches:
Dungeon (1/15)

Altars:


Innate Abilities, Weirdness & Mutations

You cannot wear most types of armour.
You are amphibious.
You can wear up to eight rings at the same time.
Your skin changes colour to match your surroundings (Stealth+).
Your rubbery body absorbs attacks. (AC +1, EV +1)
((You are camouflaged when in or above water. (Stealth+)))
You have tentacles for arms and can constrict up to eight enemies at once.


Message History

The quokka is severely wounded.
Unknown command.
You don't have enough magic to cast this spell.
Unknown command.
Unknown command.
You don't have enough magic to cast this spell.
Unknown command.
The quokka barely misses you.
You closely miss the quokka. Your grab misses the quokka.
The quokka is severely wounded.
The quokka completely misses you.
You barely miss the quokka. Your grab misses the quokka.
The quokka is severely wounded.
The quokka bites you.
You tentacle-slap the quokka but do no damage.
Your grab misses the quokka.
The quokka is severely wounded.
The quokka bites you.
* * * LOW HITPOINT WARNING * * *
The quokka bites you but does no damage.
You miss the quokka. Your grab misses the quokka.
The quokka is severely wounded.
The quokka barely misses you.
You tentacle-slap the quokka but do no damage.
Your grab misses the quokka.
The quokka is severely wounded.
The quokka closely misses you.
You tentacle-slap the quokka but do no damage.
Your grab misses the quokka.
The quokka is severely wounded.
The quokka misses you.
You closely miss the quokka. Your grab misses the quokka.
The quokka is severely wounded.
The quokka completely misses you.
You closely miss the quokka. You grab the quokka.
The quokka is severely wounded.
You constrict the quokka.
The quokka bites you but does no damage.
The quokka bites you.
You die...

#.########## #.......# #.### #.#
#.############.... #.# #.#
#P.......... #.# #.# #≈P.........
##.#####.# #.# #≈≈P........
.........# #.# #≈≈≈P.......
...####..## #.##.# #≈≈≈≈P.....P
#.......... #.##r# #≈≈≈≈≈P.<.P≈
#..####.. .##.##@### #≈≈≈≈P.....P
#..####.....#.#....# #≈≈≈P.......
#..(....# #.#.##.#.# #≈≈P......).
#.#####.# #.#.####.# #≈P.........
#.# #.###.#.####.# #P..........
#.#####....>.....#.###......#..##
........#.#####..........####.###
..#######........................
..# #)#####.######...#####.#.


You could see a quokka.

Vanquished Creatures
  A goblin (D:1)
  2 ball pythons (D:1)
3 creatures vanquished.

Notes
Turn   | Place    | Note
-------+----------+-------------------------------------------
     0 | D:1      | Malachi the Octopode Air Elementalist began the quest for
                  | the Orb.
     0 | D:1      | Reached XP level 1. HP: 11/11 MP: 3/3
   440 | D:1      | Slain by a quokka

Illustrated notes

Levels and vault maps discovered:
D:1:      eino_arrival_druids_welcome, layout_loops_ring

Action                   || total
-------------------------++-------
Melee: Unarmed           ||     9
       Constrict         ||     1
 Cast: Shock             ||     7
Armor: Skin              ||     2
Dodge: Dodged            ||     9

Table legend: (Time is in decaauts)
 A = Elapsed time spent in this place.
 B = Non-inter-level travel time spent in this place.
 C = Inter-level travel time spent in this place.
 D = Time resting spent in this place.
 E = Time spent auto-exploring this place.
 F = Levels seen in this place.
 G = Mean time per level.
                   A        B        C        D        E       F      G
               +--------+--------+--------+--------+--------+-----+--------+
         Total |    440 |    440 |      0 |    229 |    181 |   1 |  440.0 |
       Dungeon |    440 |    440 |      0 |    229 |    181 |   1 |  440.0 |
               +--------+--------+--------+--------+--------+-----+--------+

Top non-repeatable levels by time:
     D:1: 440 daAuts
